 Dungeon Crawl Stone Soup version 0.22-a0-305-gd21a89c (webtiles) character file.

18050 vishdafish the Carver (level 12, -1/98 HPs)
             Began as a Demonspawn Fighter on Mar 30, 2018.
             Was a High Priest of Vehumet.
             Slain by a sun demon (16 damage)
             ... on level 2 of the Orcish Mines.
             The game lasted 00:28:31 (15676 turns).

vishdafish the Carver (Demonspawn Fighter)         Turns: 15676, Time: 00:28:31

Health: -1/98      AC: 20    Str: 19      XL:     12   Next: 24%
Magic:  18/18      EV: 14    Int: 13 (15) God:    Vehumet [*****.]
Gold:   1264       SH: 11    Dex: 11 (13) Spells: 18/19 levels left

rFire    . . .     SeeInvis .   e - +0 scimitar
rCold    + . .     Gourm    .   c - +0 shield
rNeg     + . .     Faith    .   u - +0 pearl dragon scales
rPois    +         Spirit   .   (helmet restricted)
rElec    .         Reflect  .   x - +0 cloak
rCorr    .         Harm     .   A - +2 pair of gloves "Revem" {rPois MR+}
MR       +....                  (no boots)
Stlth    ..........             G - amulet of rage
HPRegen  0.26/turn              p - +3 ring of evasion
MPRegen  0.16/turn              d - +3 ring of strength

@: drained
A: beak, horns 1, talons 2, rugged brown scales 2, cold resistance 1,
deterioration 1, wild magic 1
a: Renounce Religion, Evoke Berserk Rage


You were on level 2 of the Orcish Mines.
You worshipped Vehumet.
Vehumet was extremely pleased with you.
You were not hungry.

You visited 3 branches of the dungeon, and saw 14 of its levels.
You also visited: Sewer.

You collected 1264 gold pieces.

Inventory:

Hand Weapons
 a - a +0 long sword
 e - a +0 scimitar (weapon)
Missiles
 y - 2 throwing nets
 F - a javelin of penetration (quivered)
Armour
 b - a +0 scale mail
 c - a +0 shield (worn)
 u - +0 pearl dragon scales (worn)
 x - a +0 cloak (worn)
 A - the +2 pair of gloves "Revem" (worn) {rPois MR+}
   (You found it on level 7 of the Dungeon)

   It protects you from poison.
   It affects your resistance to hostile enchantments.
 C - a +2 pair of gloves
Jewellery
 d - a +3 ring of strength (right hand)
 p - a +3 ring of evasion (left hand)
 r - a +2 ring of intelligence
 G - an amulet of rage (around neck)
 I - an uncursed ring of protection from cold
 J - a cursed +5 ring of intelligence
Wands
 H - a wand of polymorph (12)
 K - a wand of digging (25)
 M - a wand of disintegration (25)
 N - a wand of iceblast (6)
 P - a wand of clouds (6)
Scrolls
 i - a scroll of enchant armour
 j - 7 scrolls of remove curse
 l - 3 scrolls of immolation
 o - 8 scrolls of teleportation
 q - 3 scrolls of blinking
 v - 2 scrolls of enchant weapon
 w - 4 scrolls of fear
Potions
 g - 2 potions of flight
 k - a potion of resistance
 n - 3 potions of ambrosia {unknown}
 s - a potion of berserk rage
 t - 4 potions of curing
 z - a potion of brilliance
 B - 2 potions of haste
 E - a potion of agility
Comestibles
 f - 13 rations


   Skills:
 + Level 8.7(8.5) Fighting
 + Level 9.1(8.9) Long Blades
 + Level 8.3(8.1) Armour
 + Level 7.6(7.4) Dodging
 - Level 0.3(0.1) Stealth
 + Level 8.9(8.6) Shields
 - Level 4.3(4.1) Spellcasting
 - Level 3.1(2.9) Conjurations


You had 18 spell levels left.
You knew the following spells:

 Your Spells              Type           Power        Failure   Level  Hunger
a - Magic Dart            Conj           ##..         16%         1    None


Dungeon Overview and Level Annotations

Branches:
Dungeon (11/15)            Temple (1/1) D:4            Lair (0/6) D:9
    Orc (2/2) D:10            Elf (0/3) Orc:2

Altars:
Ashenzari
Cheibriados
Dithmenos
Elyvilon
Fedhas
Gozag
Hepliaklqana
Kikubaaqudgha
Makhleb
Nemelex Xobeh
Okawaru
Qazlal
Ru
Sif Muna
Trog
Uskayaw
Vehumet
Wu Jian
Xom
Yredelemnul
Zin
The Shining One

Shops:
D:10 *


Innate Abilities, Weirdness & Mutations

You have razor-sharp toenails.
You are mostly covered in rugged brown scales. (AC +2, +5% HP)
Your flesh is cold resistant. (rC+)
You have a beak for a mouth.
You have a pair of small horns on your head.
Your body sometimes deteriorates upon taking damage.
Your spells are a little harder to cast, but a little more powerful.


Message History

The sun demon is heavily wounded.
You block the orc warrior's attack. The sun demon closely misses you.
You hit the sun demon.
You claw the sun demon, but do no damage.
The sun demon is severely wounded.
The sun demon hits you but does no damage.
You block the orc warrior's attack.
You hit the sun demon. You claw the sun demon.
The sun demon is almost dead.
The sun demon hits you.
You are engulfed in flames!
You block the orc warrior's attack.
You closely miss the sun demon.
You peck the sun demon, but do no damage.
The sun demon is almost dead.
The sun demon hits you!
You are engulfed in flames!!
* * * LOW HITPOINT WARNING * * *
You block the orc warrior's attack. The sun demon hits you!
* * * LOW HITPOINT WARNING * * *
You are engulfed in flames!
You die...

### **∩,∩*##................
##.## ###*,*##.................
#...#####.##*##..................
##..#.##...###...................
#......#...#.......))...........
##..................)...........
#.............o...)............
##.#.....#....3................ #
##......##...@................ #
###.#....#....................
####.##..........................
..#..............................
.....)...........................
....#).)..)).........#...........
.)...#.#........................_
.####.....)......................
## ##...........................


You could see a sun demon and an orc warrior.

Vanquished Creatures
  Harold (D:11)
  2 two-headed ogres
  Pikel (D:4)
  An ugly thing (D:11)
  An orc knight (Orc:2)
  2 manticores (D:11)
  2 orc sorcerers (Orc:2)
  Maurice (D:8)
  3 polar bears
  3 trolls
  2 hippogriffs
  A wraith (D:9)
  A spriggan (D:9)
  A basilisk (D:9)
  3 yaks (D:9)
  Grum (D:8)
  2 hungry ghosts
  A steam dragon (D:11)
  2 wargs
  2 water moccasins
  5 porcupines
  3 sky beasts (D:8)
  9 orc warriors
  5 black bears
  2 ice beasts
  2 phantoms (D:9)
  5 necrophages
  10 ogres
  4 centaurs
  6 wolves
  4 crocodiles
  A big kobold (D:11)
  6 bullfrogs
  3 troll zombies (D:10)
  3 scorpions
  18 killer bees
  3 wights (D:11)
  3 electric eels
  3 howler monkeys
  4 crimson imps
  A centaur zombie (D:9)
  5 centaur skeletons
  3 jellies
  15 orc wizards
  Crazy Yiuf (D:7)
  11 orc priests
  5 bullfrog skeletons (D:5)
  2 hounds
  A gnoll shaman (D:4)
  Jessica (D:2)
  8 iguanas
  11 worker ants
  3 killer bee zombies
  3 ogre zombies (D:10)
  A hound skeleton (D:6)
  A howler monkey zombie (D:6)
  3 worker ant zombies
  14 gnolls
  15 adders
  2 howler monkey skeletons
  2 shadow imps
  14 white imps
  An adder zombie (D:9)
  6 oozes (Sewer)
  3 adder skeletons
  A worm (D:4)
  4 dart slugs
  16 leopard geckos
  64 orcs
  20 giant cockroaches
  6 goblins
  6 hobgoblins
  8 jackals
  4 kobolds
  3 quokkas
  14 ball pythons
  12 bats
  14 frilled lizards
  3 goblin zombies (D:10)
  2 hobgoblin skeletons (D:10)
  4 hobgoblin zombies (D:10)
  A jackal skeleton (D:4)
  2 orc skeletons (D:10)
  8 orc zombies (D:10)
  5 rats
461 creatures vanquished.

Vanquished Creatures (others)
  A slave (D:4)
  An ogre (D:4)
  A worker ant (D:4)
  A bush (D:9)
  10 plants (D:9)
14 creatures vanquished.

Grand Total: 475 creatures vanquished

Notes
Turn   | Place    | Note
-------+----------+-------------------------------------------
     0 | D:1      | vishdafish the Demonspawn Fighter began the quest for the Orb.
     0 | D:1      | Reached XP level 1. HP: 18/18 MP: 1/1
   247 | D:1      | Found a shattered altar of Ashenzari.
   262 | D:1      | Gained mutation: You are partially covered in rugged brown scales. (AC +1, +3% HP) [demonic ancestry]
   262 | D:1      | Reached XP level 2. HP: 18/24 MP: 2/2
  1153 | D:2      | Noticed Jessica
  1157 | D:2      | Killed Jessica
  1157 | D:2      | Reached skill level 2 in Long Blades
  1157 | D:2      | Gained mutation: You are mostly covered in rugged brown scales. (AC +2, +5% HP) [demonic ancestry]
  1157 | D:2      | Reached XP level 3. HP: 14/30 MP: 3/3
  1340 | D:1      | Reached XP level 4. HP: 29/36 MP: 4/4
  1892 | D:2      | Reached skill level 1 in Dodging
  1908 | D:2      | Reached XP level 5. HP: 31/43 MP: 5/5
  2168 | D:3      | Reached skill level 3 in Long Blades
  2311 | D:3      | Found a snail-covered altar of Cheibriados.
  2314 | D:3      | Found an opulent altar of Gozag.
  2328 | D:3      | Found a shattered altar of Ashenzari.
  2328 | D:3      | Found a bloodstained altar of Trog.
  2331 | D:3      | Found an iron altar of Okawaru.
  2389 | D:3      | Found a glowing drain.
  2414 | Sewer    | Entered a sewer
  3108 | Sewer    | Gained mutation: You have sharp toenails. [demonic ancestry]
  3108 | Sewer    | Reached XP level 6. HP: 47/49 MP: 6/6
  3185 | Sewer    | Identified the Collected Works on the Torrid Rocks
  3268 | D:3      | Reached skill level 4 in Long Blades
  3318 | D:3      | Gained mutation: You are frail. (-10% HP) [potion of mutation]
  3318 | D:3      | Gained mutation: You tend to lose your temper in combat. [potion of mutation]
  3318 | D:3      | Gained mutation: You are weak. (Str -2) [potion of mutation]
  3318 | D:3      | Gained mutation: You have a pair of small horns on your head. [potion of mutation]
  3319 | D:3      | Lost mutation: You tend to lose your temper in combat. [potion of mutation]
  3319 | D:3      | Lost mutation: You have a pair of small horns on your head. [potion of mutation]
  3319 | D:3      | Gained mutation: Your body sometimes deteriorates upon taking damage. [potion of mutation]
  3319 | D:3      | Gained mutation: Your flesh is cold resistant. (rC+) [potion of mutation]
  3888 | D:4      | Gained mutation: You have razor-sharp toenails. [demonic ancestry]
  3888 | D:4      | Reached XP level 7. HP: 32/50 MP: 7/7
  3898 | D:4      | Found a staircase to the Ecumenical Temple.
  3916 | Temple   | Entered the Ecumenical Temple
  4106 | Temple   | Became a worshipper of Vehumet
  4329 | D:4      | Noticed Pikel
  4374 | D:4      | Killed Pikel
  4374 | D:4      | Reached skill level 5 in Long Blades
  4374 | D:4      | Reached skill level 5 in Shields
  4374 | D:4      | Reached XP level 8. HP: 22/57 MP: 8/8
  4742 | D:4      | Found a glowing golden altar of the Shining One.
  4848 | D:5      | Entered Level 5 of the Dungeon
  5000 | D:5      | Reached * piety under Vehumet
  5000 | D:5      | Offered knowledge of Magic Dart by Vehumet.
  5004 | D:5      | Learned a level 1 spell: Magic Dart
  5086 | D:5      | Reached skill level 1 in Conjurations
  5157 | D:5      | Reached skill level 6 in Long Blades
  6070 | D:6      | Reached XP level 9. HP: 29/63 MP: 9/9
  6377 | D:6      | Reached skill level 5 in Armour
  6399 | D:6      | Reached ** piety under Vehumet
  6424 | D:6      | Reached skill level 5 in Fighting
  6434 | D:6      | Offered knowledge of Shock by Vehumet.
  6724 | D:7      | Got a pair of fine gloves
  6730 | D:7      | Identified the +2 pair of gloves "Revem" {rPois MR+} (You found it on level 7 of the Dungeon)
  6772 | D:7      | Reached skill level 1 in Spellcasting
  6984 | D:7      | Found a hazy altar of Hepliaklqana.
  7448 | D:7      | Found a runed door.
  7452 | D:7      | Noticed Crazy Yiuf
  7456 | D:7      | Killed Crazy Yiuf
  8277 | D:8      | Offered knowledge of Inner Flame by Vehumet.
  8358 | D:8      | Noticed Maurice
  8475 | D:8      | Noticed Grum
  8504 | D:8      | Killed Grum
  8504 | D:8      | Reached XP level 10. HP: 19/72 MP: 12/14
  8898 | D:8      | Killed Maurice
  8898 | D:8      | Reached skill level 7 in Long Blades
  8898 | D:8      | Reached skill level 5 in Dodging
  9183 | D:9      | Lost mutation: Your body sometimes deteriorates upon taking damage. [potion of mutation]
  9183 | D:9      | Lost mutation: You are frail. (-10% HP) [potion of mutation]
  9183 | D:9      | Lost mutation: You are weak. (Str -2) [potion of mutation]
  9183 | D:9      | Lost mutation: Your flesh is cold resistant. (rC+) [potion of mutation]
  9183 | D:9      | Gained mutation: You have a beak for a mouth. [potion of mutation]
  9183 | D:9      | Gained mutation: Your body sometimes deteriorates upon taking damage. [potion of mutation]
  9183 | D:9      | Gained mutation: You have a pair of small horns on your head. [potion of mutation]
  9183 | D:9      | Gained mutation: Your spells are a little harder to cast, but a little more powerful. [potion of mutation]
  9219 | D:9      | Reached *** piety under Vehumet
  9250 | D:10     | Entered Level 10 of the Dungeon
 10105 | D:10     | Offered knowledge of Mephitic Cloud by Vehumet.
 10470 | D:9      | Found a staircase to the Lair.
 10571 | D:9      | Gained mutation: Your flesh is cold resistant. (rC+) [demonic ancestry]
 10571 | D:9      | Reached XP level 11. HP: 79/88 MP: 17/17
 10809 | D:9      | Found a blossoming altar of Fedhas.
 10977 | D:9      | Reached **** piety under Vehumet
 11079 | D:9      | Offered knowledge of Iskenderun's Mystic Blast by Vehumet.
 11205 | D:9      | Reached skill level 8 in Long Blades
 11635 | D:9      | Reached ***** piety under Vehumet
 11635 | D:9      | Offered knowledge of Bolt of Draining by Vehumet.
 11689 | D:10     | Found Xeulix's Evil Emporium.
 11691 | D:10     | Found a burning altar of Makhleb.
 11840 | D:10     | Found a staircase to the Orcish Mines.
 12885 | D:11     | Noticed a two-headed ogre
 12892 | D:11     | Killed a two-headed ogre
 12942 | D:11     | Noticed Harold
 12953 | D:11     | Killed Harold
 13090 | D:11     | Noticed a purple ugly thing
 13103 | D:11     | Killed a purple ugly thing
 13813 | Orc:1    | Entered Level 1 of the Orcish Mines
 14058 | Orc:2    | Entered Level 2 of the Orcish Mines
 14091 | Orc:2    | Noticed an orc sorcerer
 14202 | Orc:2    | Killed an orc sorcerer
 14202 | Orc:2    | Reached XP level 12. HP: 98/98 MP: 18/18
 14269 | Orc:2    | Found a frozen archway.
 14381 | Orc:2    | Noticed a two-headed ogre
 14393 | Orc:2    | Killed a two-headed ogre
 14611 | Orc:2    | Found a burning altar of Makhleb.
 14680 | Orc:2    | Offered knowledge of Orb of Destruction by Vehumet.
 14860 | Orc:2    | Reached skill level 9 in Long Blades
 15210 | Orc:2    | Paralysed by an orc sorcerer for 3 turns
 15676 | Orc:2    | Slain by a sun demon

Vault maps used:
D:1:      minmay_arrival_nine_rooms, ashenzari_altar_1
D:2:      minmay_split_cup_small, uniq_jessica
D:3:      minitemple, portal_sewer_entry_f, first_ration
D:4:      kennysheep_mini, temple_pool_b, uniq_pikel
D:7:      basic_altar, uniq_crazy_yiuf_cottage
D:8:      uniq_grum, uniq_maurice
D:9:      minmay_lair_entry_grove, serial_ice, serial_ice_g, serial_ice_d,
          serial_ice_e, serial_ice_b, serial_ice_h, serial_ice_j, serial_ice_a,
          grunt_pizzeria, serial_bayou_pond_e, fedhas_altar_decomposition
D:10:     zombieorc1_lemuel, minmay_misc_feat_hallway, nicolae_evil_shop
D:11:     uniq_harold
Temple:   eino_temple_scatter_basement
Orc:2:    pf_orc_diabolical, portal_ice_cave_entry_imps, basic_altar
Sewer:    sewer_frog_island_02

Skill      XL: |  1  2  3  4  5  6  7  8  9 10 11 12 |
---------------+-------------------------------------+-----
Shields        | 3 4 5 6 7 8 |  8.9
Long Blades    | 2 3 4 5 6 7 8 9 |  9.1
Armour         | 3 4 5 6 8 |  8.3
Dodging        | 1 2 3 4 5 7 |  7.6
Fighting       | 4 5 7 8 |  8.7
Conjurations   | 2 3 |  3.1
Spellcasting   | 2 4 |  4.3
Stealth        | |  0.3

Action                   |  1- 3 |  4- 6 |  7- 9 | 10-12 || total
-------------------------+-------+-------+-------+-------++-------
Melee: Long sword        |   108 |   384 |   566 |       ||  1058
       Kick              |       |    38 |   182 |   294 ||   514
       Scimitar          |       |       |    87 |   750 ||   837
       Headbutt          |       |       |       |   178 ||   178
       Peck              |       |       |       |   170 ||   170
       Unarmed           |       |       |       |     8 ||     8
Throw: Javelin           |       |       |     5 |     2 ||     7
       Throwing net      |       |       |     1 |       ||     1
 Cast: Magic Dart        |       |       |       |     3 ||     3
Evoke: Wand              |       |       |     1 |    21 ||    22
  Use: Scroll            |       |     4 |       |    15 ||    19
       Potion            |       |     2 |     5 |     1 ||     8
  Eat: Ration            |       |     2 |     2 |     5 ||     9
       Chunk             |       |     5 |     8 |    17 ||    30
Armor: Scale mail        |    70 |   209 |       |       ||   279
       Pearl dragon scal |       |     4 |   266 |   374 ||   644
       Skin              |       |       |       |     2 ||     2
Dodge: Dodged            |    33 |   214 |   280 |   549 ||  1076
Block: Shield            |    70 |   269 |   376 |   604 ||  1319
       Rpst.: Long sword |    11 |    74 |    66 |       ||   151
       Scimitar          |       |       |    19 |   143 ||   162

Table legend:
 A = Spawn XP
 B = Non-spawn XP
 C = Spawn XP percentage of total XP
 D = Spawn monster count
 E = Non-spawn monster count
 F = Spawn count percentage of total count
 G = Total turns spent on level
                    A         B        C        D         E        F      G
               +---------+---------+-------+---------+---------+-------+---------
         Total |       0 |   25786 |   0.0 |       0 |     462 |   0.0 | 15676
               +---------+---------+-------+---------+---------+-------+---------
           D:1 |       0 |      77 |   0.0 |       0 |      24 |   0.0 |  1272
           D:2 |       0 |     134 |   0.0 |       0 |      19 |   0.0 |   807
           D:3 |       0 |      50 |   0.0 |       0 |      18 |   0.0 |   870
           D:4 |       0 |    1008 |   0.0 |       0 |      31 |   0.0 |   903
           D:5 |       0 |     794 |   0.0 |       0 |      27 |   0.0 |   899
           D:6 |       0 |     809 |   0.0 |       0 |      29 |   0.0 |   852
           D:7 |       0 |    1157 |   0.0 |       0 |      21 |   0.0 |  1296
           D:8 |       0 |    2109 |   0.0 |       0 |      24 |   0.0 |  1242
           D:9 |       0 |    5322 |   0.0 |       0 |      52 |   0.0 |  1323
          D:10 |       0 |    3461 |   0.0 |       0 |      65 |   0.0 |  2101
          D:11 |       0 |    5569 |   0.0 |       0 |      47 |   0.0 |  1252
         Orc:1 |       0 |     594 |   0.0 |       0 |       3 |   0.0 |   341
         Orc:2 |       0 |    4338 |   0.0 |       0 |      47 |   0.0 |  1522
         Sewer |       0 |     364 |   0.0 |       0 |      55 |   0.0 |   794
               +---------+---------+-------+---------+---------+-------+---------
